 Dungeon Crawl Stone Soup version 0.19-a0-28-g8794423 (webtiles) character file.

84 zZzzzz the Digger (level 4, 0/36 HPs)
             Began as a Gargoyle Earth Elementalist on May 2, 2016.
             Slain by a gnoll
             ... wielding a +0 club
              (3 damage)
             ... on level 2 of the Dungeon.
             The game lasted 00:11:01 (2326 turns).

zZzzzz the Digger (Gargoyle Earth Elementalist)     Turns: 2326, Time: 00:11:01

Health: 0/36       AC: 22    Str: 11    XL:     4   Next: 46%
Magic:  0/9        EV:  2    Int: 17    God:
Gold:   49         SH:  0    Dex: 10    Spells: 2 memorised, 5 levels left

rFire  . . .     SeeInvis .     e - -2 club (curse)
rCold  . . .     Gourm    .     (armour currently unavailable)
rNeg   + + +     Faith    .     (no shield)
rPois  ∞         Spirit   .     (helmet currently unavailable)
rElec  .         Dismiss  .     (cloak currently unavailable)
rCorr  .         Reflect  .     (gloves currently unavailable)
SustAt .         Harm     .     (boots currently unavailable)
MR     .....     NoTele   +     (no amulet)
Stlth  ++........               (no ring)
                                (no ring)

@: tree-form, very slightly contaminated, hasted, very quick, not resistant to
hostile enchantments, unstealthy
A: negative energy resistance 1, (electricity resistance), (unbreathing),
petrification resistance, rot immunity, AC +3
a: no special abilities


You were on level 2 of the Dungeon.
You were hungry.
You were a tree.
You visited 1 branch of the dungeon, and saw 2 of its levels.

You collected 49 gold pieces.

Inventory:

Hand Weapons
 e - a cursed -2 club (weapon)
 f - a +0 whip
Missiles
 b - 107 stones (quivered)
Armour
 a - a +0 robe (melded)
 j - a +0 cloak (melded)
Potions
 g - a potion of flight
Books
 c - a book of Geomancy

   Spells                             Type                      Level
   a - Sandblast                      Earth                        1
   b - Passwall                       Transmutation/Earth          2
   c - Stone Arrow                    Conjuration/Earth            3
   d - Petrify                        Transmutation/Earth          4
   e - Lee's Rapid Deconstruction     Earth                        5
Comestibles
 d - 2 bread rations
 h - a meat ration
 l - a chunk of flesh


   Skills:
 - Level 1.5 Dodging
 - Level 2.1 Stealth
 * Level 3.3 Spellcasting
 + Level 1.0 Conjurations
   Level 0.7 Transmutations
 + Level 4.7 Earth Magic


You had 5 spell levels left.
You knew the following spells:

 Your Spells              Type           Power        Failure   Level  Hunger
a - Sandblast             Erth           ###...       2%          1    None
b - Stone Arrow           Conj/Erth      ##....       17%         3    ###....


Dungeon Overview and Level Annotations

Branches:
Dungeon (2/15)

Altars:
Elyvilon


Innate Abilities, Weirdness & Mutations

You are resistant to torment.
((Your stone body is resilient (AC +3).))
You are immune to poison.
You resist negative energy.
((You are resistant to electric shocks.))
((You can survive without breathing.))
You are immune to petrification.
You are immune to rotting.


Message History

Drink which item? (? for menu, Esc to quit)
You cannot fly right now.
Unknown command.
The gnoll throws a stone.
The stone hits you but does no damage.
The gnoll throws a stone.
The stone hits you but does no damage.
The gnoll throws a stone.
The stone barely misses you.
The gnoll throws a stone.
The stone barely misses you.
Casting: Sandblast
Confirm with . or Enter, or press ? or * to list all spells.
Aiming: Sandblast
Press: ? - help, Shift-Dir - straight line, f/p - gnoll
Aim: a gnoll, wielding a club and wearing a ring mail The blast of sand misses the gnoll.
The gnoll throws a stone.
The stone hits you but does no damage.
Casting: Sandblast
Confirm with . or Enter, or press ? or * to list all spells.
You don't know that spell.
The gnoll throws a stone.
The stone hits you but does no damage.
You closely miss the gnoll. The gnoll hits you with a club.
You die...

#....(<.......##........
.....(........++g.ggg...
..............##(##....#
.##############...# ..#
#.♣.# # #gg.# ##K## #g#
##♣## #############
...###...###...#........
♣....._.....♣..........
...###...###...#........
# ##.##.#####........
#(#...............
#.##..............
...#............<.
.♣.#..............


You could see 3 gnolls and a kobold.

Vanquished Creatures
  Ijyb (D:2)
  2 gnolls
  An ooze (D:1)
  A dart slug (D:1)
  A giant gecko (D:1)
  A giant cockroach (D:2)
  8 goblins (D:1)
  6 hobgoblins (D:1)
  2 bats (D:1)
  A giant newt (D:1)
  6 kobolds
  4 rats
34 creatures vanquished.

Notes
Turn   | Place    | Note
--------------------------------------------------------------
     0 | D:1      | zZzzzz the Gargoyle Earth Elementalist began the quest for the Orb.
     0 | D:1      | Reached XP level 1. HP: 10/10 MP: 3/3
   143 | D:1      | Reached XP level 2. HP: 1/15 MP: 3/5
   607 | D:1      | Reached skill level 4 in Earth Magic
   892 | D:1      | Reached XP level 3. HP: 19/19 MP: 4/7
   897 | D:1      | Learned a level 3 spell: Stone Arrow
  2006 | D:2      | Noticed Ijyb
  2012 | D:2      | Killed Ijyb
  2012 | D:2      | Reached XP level 4. HP: 21/24 MP: 1/9
  2230 | D:2      | Reached skill level 1 in Conjurations
  2269 | D:2      | Found a white marble altar of Elyvilon.
  2326 | D:2      | Slain by a gnoll

Vault maps used:
D:1:      dpeg_arrival_water_temple_mockup
D:2:      elyvilon_altar_1, uniq_iyjb, uniq_terence, uniq_jessica

Skill      XL: |  1  2  3  4 |
---------------+-------------+-----
Earth Magic    | 4 |  4.7
Spellcasting   | 3 |  3.3
Conjurations   | 1 |  1.0
Dodging        | |  1.5
Stealth        | |  2.1
Transmutations | |  0.7

Action                   |  1- 3 |  4- 6 || total
-------------------------+-------+-------++-------
Melee: Club              |     9 |     2 ||    11
 Cast: Sandblast         |    59 |    19 ||    78
       Stone Arrow       |     1 |       ||     1
  Use: Potion            |     1 |     2 ||     3
       Scroll            |     4 |       ||     4
  Eat: Chunk             |     3 |     1 ||     4
Armor: Robe              |    10 |     5 ||    15
       Skin              |       |     8 ||     8
Dodge: Dodged            |    25 |    11 ||    36
